 Dungeon Crawl Stone Soup version 0.21-a0-450-gd87a9b2 (webtiles) character file.

2200 mistymad the Covert (level 9, 0/41 HPs)
             Began as a Spriggan Enchanter on Nov 19, 2017.
             Was a Believer of Dithmenos.
             Killed from afar by an electric eel (10 damage)
             ... with a bolt of electricity
             ... on level 6 of the Dungeon.
             The game lasted 00:30:25 (7573 turns).

mistymad the Covert (Spriggan Enchanter)            Turns: 7573, Time: 00:30:26

Health: 0/41       AC:  3    Str:  4    XL:     9   Next: 12%
Magic:  9/23       EV: 19    Int: 20    God:    Dithmenos [**....]
Gold:   359        SH:  0    Dex: 16    Spells: 14/26 levels left

rFire    . . .     SeeInvis +   K - +4 rapier (speed)
rCold    . . .     Gourm    .   (shield restricted)
rNeg     + . .     Faith    .   b - +0 robe
rPois    .         Spirit   .   (helmet restricted)
rElec    .         Reflect  .   F - +0 cloak
rCorr    .         Harm     .   (gloves unavailable)
MR       +....                  (boots unavailable)
Stlth    +++++.....             (no amulet)
HPRegen  0.13/turn              n - ring of positive energy
MPRegen  0.18/turn              z - ring of wizardry

@: wreathed by umbra, very quick
A: unfitting armour, see invisible, herbivore 3, speed 3, slow metabolism 2
a: Shadow Step, Renounce Religion


You were on level 6 of the Dungeon.
You worshipped Dithmenos.
Dithmenos was pleased with you.
You were not hungry.

You visited 1 branch of the dungeon, and saw 6 of its levels.

You collected 359 gold pieces.

Inventory:

Hand Weapons
 q - a +0 dagger of pain
 t - a +0 hunting sling
 x - a +0 blowgun
 K - a +4 rapier of speed (weapon)
 O - a +1 dagger of freezing
Missiles
 e - 42 poisoned needles
 E - 50 sling bullets
Armour
 b - a +0 robe (worn)
 F - a +0 cloak (worn)
Magical Staves
 B - an uncursed staff of cold
Jewellery
 a - an uncursed ring of see invisible {unknown}
 n - a ring of positive energy (left hand)
 z - a ring of wizardry (right hand)
 J - an uncursed ring of wizardry
Wands
 A - a wand of polymorph (19/24)
 N - a wand of paralysis (13/24)
 P - a wand of iceblast (6/15)
Scrolls
 f - 2 scrolls of remove curse
 g - 4 scrolls of amnesia {unknown}
 i - 9 scrolls of identify {unknown}
 l - 2 scrolls of immolation {unknown}
 p - a scroll of magic mapping {unknown}
 r - a scroll of blinking {unknown}
 s - 3 scrolls of teleportation {unknown}
 y - 2 scrolls of recharging {unknown}
 G - a scroll of fog {unknown}
 M - a scroll of enchant weapon {unknown}
Potions
 j - 2 potions of degeneration {unknown}
 k - 3 potions of haste {unknown}
 m - 3 potions of heal wounds
 o - a potion of magic {unknown}
 u - 3 potions of curing {unknown}
 v - 2 potions of lignification {unknown}
 w - 3 potions of mutation {unknown}
 D - a potion of might {unknown}
 H - 2 potions of flight {unknown}
 L - a potion of resistance {unknown}
Books
 c - a book of Maledictions

   Spells                             Type                      Level
   a - Corona                         Hexes                        1
   b - Ensorcelled Hibernation        Hexes/Ice                    2
   c - Confuse                        Hexes                        3
   d - Tukima's Dance                 Hexes                        3
   e - Dazzling Spray                 Conjuration/Hexes            3
Comestibles
 d - 3 bread rations
 h - 2 fruits
 C - 4 royal jellies
 I - a meat ration


   Skills:
 - Level 1.5 Fighting
 * Level 8.0 Short Blades
 - Level 3.4 Dodging
 - Level 9.4 Stealth
 - Level 9.3 Spellcasting
 - Level 4.1 Hexes


You had 14 spell levels left.
You knew the following spells:

 Your Spells              Type           Power        Failure   Level  Hunger
a - Corona                Hex            ####...      1%          1    None
b - Ensorcelled Hibernat  Hex/Ice        ###...       1%          2    None
c - Tukima's Dance        Hex            ####....     1%          3    None
d - Confuse               Hex            ####....     1%          3    None
e - Dazzling Spray        Conj/Hex       ###...       4%          3    None


Dungeon Overview and Level Annotations

Branches:
Dungeon (6/15)
 Temple: D:4-7

Altars:
Cheibriados
Dithmenos
Hepliaklqana
Uskayaw
Vehumet
Wu Jian
Zin
The Shining One


Innate Abilities, Weirdness & Mutations

You are very small and have problems with some larger weapons.
You are too small for most types of armour.
You have supernaturally acute eyesight. (SInv)
You are a herbivore.
You cover ground extremely quickly.
You need consume almost no food.


Message History

You now have 12/23 mp.
Aim: an electric eel (chance to defeat MR: 56%)
The electric eel resists with significant effort.
You now have 10/23 mp.
Found a whip.
Aim: an electric eel (chance to defeat MR: 56%)
The electric eel looks drowsy...
The electric eel shoots out a bolt of lightning at you!
The bolt of electricity misses you. The bolt of electricity hits you!
You take 11 damage, and have 21/41 hp.
MASSIVE DAMAGE!!
You now have 9/23 mp.
The helpless electric eel fails to defend itself.
You spit the electric eel like a pig!!!
You kill the electric eel!
Dithmenos accepts your kill.
Your Short Blades skill increases to level 8!
The electric eel shoots out a bolt of lightning at you!
The bolt of electricity hits you!
* * * LOW HITPOINT WARNING * * *
The bolt of electricity hits you!
You die...

#################
≈#####≈≈≈≈≈≈≈≈≈≈≈≈≈≈≈≈
5≈≈≈≈≈≈≈≈≈≈≈≈≈≈≈≈≈≈≈≈≈
≈≈≈≈≈≈≈≈≈≈≈≈≈≈≈≈≈≈≈≈≈≈
.≈≈..≈≈≈≈Y.≈..;≈≈≈≈≈≈≈
.....................)
......................
#..#####.#####...#####
#...........@..##
###.###..##.####
#.###..##.#######
#............<..#
#.##....#.#####.#
##.##....#.#
#..........#
#..#####.###
##..#####.#


You could see an electric eel.

Vanquished Creatures
  Sigmund (D:5)
  Eustachio (D:5)
  A phantom (D:5)
  4 ogres
  2 centaurs
  3 big kobolds (D:3)
  A bullfrog (D:3)
  An electric eel (D:6)
  2 crimson imps (D:5)
  3 hounds
  3 jellies
  4 orc priests
  Crazy Yiuf (D:4)
  2 centaur skeletons
  A gnoll shaman (D:5)
  Jessica (D:2)
  3 iguanas
  5 orc wizards
  5 worker ants
  5 adders
  4 gnolls (D:5)
  An ooze (D:2)
  An adder skeleton (D:4)
  A worm (D:4)
  2 dart slugs
  2 leopard geckos (D:4)
  17 orcs
  2 ball pythons
  5 giant cockroaches
  10 hobgoblins
  3 jackals (D:1)
  16 kobolds
  5 quokkas
  6 bats
  4 frilled lizards
  6 goblins
  A leopard gecko zombie (D:5)
  A quokka zombie (D:5)
  9 rats
145 creatures vanquished.

Vanquished Creatures (collateral kills)
  A gnoll (D:5)
  An orc (D:6)
2 creatures vanquished.

Vanquished Creatures (others)
  A dancing weapon (D:5)
1 creature vanquished.

Grand Total: 148 creatures vanquished

Notes
Turn   | Place    | Note
-------+----------+-------------------------------------------
     0 | D:1      | mistymad the Spriggan Enchanter began the quest for the Orb.
     0 | D:1      | Reached XP level 1. HP: 9/9 MP: 5/5
   560 | D:1      | Reached XP level 2. HP: 13/13 MP: 6/6
  1442 | D:1      | Learned a level 2 spell: Ensorcelled Hibernation
  1793 | D:2      | Reached XP level 3. HP: 15/17 MP: 6/8
  1798 | D:2      | Learned a level 3 spell: Tukima's Dance
  1806 | D:2      | Found a hide-covered altar of Uskayaw.
  3062 | D:2      | Found a glowing silver altar of Zin.
  3062 | D:2      | Noticed an angel
  3077 | D:2      | Noticed a hand axe
  3077 | D:2      | Noticed a dagger
  3132 | D:2      | Reached skill level 5 in Stealth
  3142 | D:2      | Found a faded altar of an unknown god.
  3238 | D:2      | Reached skill level 1 in Fighting
  3600 | D:2      | Noticed Jessica
  3603 | D:2      | Killed Jessica
  3603 | D:2      | Reached XP level 4. HP: 22/22 MP: 10/10
  4121 | D:3      | Noticed a bullfrog
  4130 | D:3      | Killed a bullfrog
  4130 | D:3      | Reached XP level 5. HP: 25/25 MP: 12/12
  4135 | D:3      | Learned a level 3 spell: Confuse
  4313 | D:3      | Reached skill level 5 in Spellcasting
  4332 | D:3      | Learned a level 3 spell: Dazzling Spray
  4417 | D:3      | Reached XP level 6. HP: 16/30 MP: 6/15
  4759 | D:3      | Found a snail-covered altar of Cheibriados.
  5071 | D:4      | Reached XP level 7. HP: 33/33 MP: 11/17
  5088 | D:4      | Found a shadowy altar of Dithmenos.
  5108 | D:4      | Became a worshipper of Dithmenos the Shadowed
  5163 | D:4      | Found a runed door.
  5222 | D:4      | Noticed Crazy Yiuf
  5226 | D:4      | Killed Crazy Yiuf
  5527 | D:4      | Found a radiant altar of Vehumet.
  5853 | D:5      | Entered Level 5 of the Dungeon
  5869 | D:5      | Found an ornate altar of the Wu Jian Council.
  5869 | D:5      | Found a glowing golden altar of the Shining One.
  5923 | D:5      | Reached * piety under Dithmenos
  5999 | D:5      | Reached XP level 8. HP: 37/37 MP: 4/20
  6035 | D:5      | Noticed Sigmund
  6044 | D:5      | Killed Sigmund
  6044 | D:5      | Reached skill level 5 in Short Blades
  6281 | D:5      | Found a hazy altar of Hepliaklqana.
  6744 | D:5      | Noticed Eustachio
  6976 | D:5      | Killed Eustachio
  7258 | D:6      | Reached ** piety under Dithmenos
  7369 | D:6      | Reached XP level 9. HP: 41/41 MP: 15/23
  7573 | D:6      | Killed from afar by an electric eel

Vault maps used:
D:1:      lightli_arrival_noodles, hangedman_decor_opposing
D:2:      zin_angel, dancing_weapons_uskayaw, chequers_ecumenical_altar_twisty,
          minmay_pentomino_w4, uniq_jessica
D:3:      cheibrodos_thug_alley, cheibriados_altar_1
D:4:      lemuel_doored_altar, old_standard_altar, uniq_crazy_yiuf_cottage
D:5:      lemuel_crystal_altar, amethyst_overflow_temple_binary, first_bread,
          uniq_sigmund, uniq_eustachio
D:6:      minmay_goblin_kobold_castle, minmay_temple_entry_trees, moated_statue,
          uniq_pikel

Skill      XL: |  1  2  3  4  5  6  7  8  9 |
---------------+----------------------------+-----
Spellcasting   | 3 4 5 6 7 9 |  9.3
Stealth        | 5 6 8 9 |  9.4
Fighting       | 1 |  1.5
Short Blades   | 2 3 4 7 8 |  8.0
Hexes          | 4 |  4.1
Dodging        | |  3.4

Action                   |  1- 3 |  4- 6 |  7- 9 || total
-------------------------+-------+-------+-------++-------
Melee: Dagger            |   193 |   147 |    99 ||   439
       Rapier            |       |       |    29 ||    29
 Fire: Blowgun           |       |     2 |       ||     2
 Cast: Corona            |    24 |    22 |       ||    46
       Ensorcelled Hiber |     5 |    21 |    56 ||    82
       Dazzling Spray    |       |     3 |    15 ||    18
       Confuse           |       |       |     8 ||     8
       Tukima's Dance    |       |       |     4 ||     4
  Use: Scroll            |       |     1 |     1 ||     2
 Stab: Sleeping          |    16 |    20 |    41 ||    77
       Distracted        |     2 |     1 |       ||     3
       Invisible         |       |     1 |     9 ||    10
       Confused          |       |       |     6 ||     6
  Eat: Bread ration      |       |     1 |       ||     1
Armor: Robe              |     9 |    13 |     5 ||    27
Dodge: Dodged            |   159 |   139 |   146 ||   444

Table legend:
 A = Spawn XP
 B = Non-spawn XP
 C = Spawn XP percentage of total XP
 D = Spawn monster count
 E = Non-spawn monster count
 F = Spawn count percentage of total count
 G = Total turns spent on level
                    A         B        C        D         E        F      G
               +---------+---------+-------+---------+---------+-------+---------
         Total |       0 |    3144 |   0.0 |       0 |     147 |   0.0 |  7573
               +---------+---------+-------+---------+---------+-------+---------
           D:1 |       0 |      40 |   0.0 |       0 |      23 |   0.0 |  2054
           D:2 |       0 |     105 |   0.0 |       0 |      26 |   0.0 |  2024
           D:3 |       0 |     557 |   0.0 |       0 |      35 |   0.0 |   985
           D:4 |       0 |     424 |   0.0 |       0 |      16 |   0.0 |   887
           D:5 |       0 |    1241 |   0.0 |       0 |      28 |   0.0 |  1223
           D:6 |       0 |     777 |   0.0 |       0 |      19 |   0.0 |   400
               +---------+---------+-------+---------+---------+-------+---------
